 Dungeon Crawl Stone Soup version 0.28-b1-38-gff268fdeb9 (webtiles) character file.

Game seed: 14849639377414122574

124 Descartes the Caller (level 4, -3/23 (24) HPs)
             Began as a Deep Elf Wanderer on Feb 3, 2022.
             Slain by Crazy Yiuf (15 damage)
             ... on level 3 of the Dungeon.
             The game lasted 00:13:09 (2967 turns).

Descartes the Caller (Deep Elf Wanderer)            Turns: 2967, Time: 00:13:10

HP:   -3/23 (24)    AC:  6    Str:  9    XL:     4   Next: 81%
MP:   0/11          EV:  9    Int: 20    God:
Gold: 76            SH:  0    Dex: 13    Spells: 3/10 levels left

rFire   . . .      SeeInvis .   o - +1 whip (elec)
rCold   . . .      Faith    .   (no shield)
rNeg    . . .      Spirit   +   b - +0 ring mail
rPois   .          Reflect  .   p - +0 helmet
rElec   .          Harm     .   (no cloak)
rCorr   .          Rampage  .   (no gloves)
Will    .....                   (no boots)
Stlth   +.........              l - amulet of guardian spirit
HPRegen 0.07/turn               (no ring)
MPRegen 0.12/turn               (no ring)

@: lightly drained
A: no striking features
a: no special abilities


You were on level 3 of the Dungeon.
You visited 1 branch of the dungeon, and saw 3 of its levels.

You collected 78 gold pieces.
You donated 2 gold pieces to Zin.

Inventory:

Hand Weapons
 a - a +0 falchion
 o - a +1 whip of electrocution (weapon)
Missiles
 d - 75 stones
Armour
 b - a +0 ring mail (worn)
 k - a +1 chain mail of fire resistance
 p - a +0 helmet (worn)
Jewellery
 l - an amulet of guardian spirit (around neck)
Scrolls
 c - 2 scrolls of teleportation {unknown}
 g - a scroll of blinking {unknown}
 h - a scroll of noise {unknown}
 m - 2 scrolls of enchant weapon {unknown}
 n - 4 scrolls of identify {unknown}
Potions
 e - a potion of curing
 f - a potion of heal wounds {unknown}
 i - a potion of mutation {unknown}
 j - a potion of invisibility {unknown}


   Skills:
 - Level 1.7 Long Blades
 - Level 2.4 Armour
 + Level 3.8 Spellcasting
 + Level 4.4 Summonings
 + Level 2.4 Air Magic
 - Level 1.1 Evocations


You had 3 spell levels left.
You knew the following spells:

 Your Spells              Type           Power      Damage    Failure   Level
a - Summon Small Mammal   Summ           84%        N/A       6%          1
b - Call Imp              Summ           21%        N/A       9%          2
c - Summon Lightning Spi  Summ/Air       17%        N/A       65%         4

Your spell library contained the following spells:

 Spells                   Type           Power      Damage    Failure   Level
 Animate Skeleton         Necr           6%         N/A       34%         1
 Pain                     Necr           12%        1d4       34%         1
 Vampiric Draining        Necr           3%         2d6       71%         3


Dungeon Overview and Level Annotations

Branches:
Dungeon (3/15)

Altars:
Zin

Annotations:
D:3 Crazy Yiuf


Message History

p - a +0 helmet
Things that are here:
a +0 dagger; a goblin corpse You swap places.
Items here: )) [ †.
You see here a +0 club.
Things that are here:
a +0 dagger; an orc corpse
Things that are here:
a +0 dagger; a goblin corpse
Things that are here:
a +0 dagger; a goblin corpse You start putting on your armour.
You continue putting on your +0 helmet. x4
You finish putting on your +0 helmet.
Your quokka disappears in a puff of smoke!
You swap places.
Your crimson imp blinks!
Things that are here:
a +0 dagger; a goblin corpse You see here a +0 club.
You now have 68 gold pieces (gained 9).
You now have 76 gold pieces (gained 8).
Found an escape hatch in the ceiling.
Your crimson imp disappears in a puff of smoke!
There is an escape hatch in the ceiling here.
There is an escape hatch in the ceiling here.
Found a runed mace.
Found a runed translucent door.
You open the door.
Crazy Yiuf whimpers, "Rifle tired alas!"
Casting: Summon Small Mammal (safe; 6% risk of failure)
Confirm with . or Enter, or press ? or * to list all spells.
Crazy Yiuf hits you with a +4 quarterstaff of chaos!
You feel drained.
Your rat closely misses Crazy Yiuf.
Casting: Summon Small Mammal (safe; 6% risk of failure)
Confirm with . or Enter, or press ? or * to list all spells.
Crazy Yiuf hits you with a +4 quarterstaff of chaos.
You are electrocuted!!
Ouch! That really hurt!
You die...

♣♣♣♣♣### ###
♣♣♣.♣....##
#...#♣..♣......##
#...'.♣♣♣♣..r...#
#)..#♣♣ ♣♣.g@..##
### ♣♣##b..#
#...#####
#.......#
######...###.#
##.###........#
#.# #.5
..#####.### #.#
###..##.# #.# #.#
.....#.#####.#
#.#


You could see Crazy Yiuf (ally target), a friendly bat (summoned) and a friendly
rat (summoned).

Vanquished Creatures
  A worm (D:2)
  3 ball pythons
  An endoplasm (D:2)
  2 giant cockroaches
  4 goblins
  3 jackals (D:1)
  A kobold (D:1)
  A bat (D:2)
16 creatures vanquished.

Vanquished Creatures (collateral kills)
  Robin (D:3)
  An adder (D:2)
  A worm (D:2)
  3 dart slugs
  An orc (D:3)
  5 ball pythons
  6 bats
  5 endoplasms
  2 giant cockroaches (D:2)
  13 goblins
  6 hobgoblins
  7 jackals (D:1)
  3 quokkas
  3 frilled lizards (D:1)
  4 kobolds
  2 rats (D:2)
63 creatures vanquished.

Vanquished Creatures (others)
  A plant (D:2)
1 creature vanquished.

Grand Total: 80 creatures vanquished

Notes
Turn   | Place    | Note
-------+----------+-------------------------------------------
     0 | D:1      | Descartes the Deep Elf Wanderer began the quest for the
                  | Orb.
     0 | D:1      | Descartes set off with the following items: a +0 falchion,
                  | a +0 ring mail; and the following spell memorised: Summon
                  | Small Mammal; and the following spells available to
                  | memorise: Call Imp, Summon Lightning Spire
     0 | D:1      | Reached XP level 1. HP: 10/10 MP: 5/5
   232 | D:1      | Reached XP level 2. HP: 10/15 MP: 0/7
   405 | D:1      | Reached skill level 1 in Air Magic
   802 | D:1      | Reached XP level 3. HP: 19/19 MP: 6/8
   947 | D:1      | Found a faded altar of an unknown god.
   955 | D:1      | Prayed at the altar of an unknown god.
   955 | D:1      | Became a worshipper of Zin the Law-Giver
   955 | D:1      | Reached * piety under Zin
   956 | D:1      | Fell from the grace of Zin
  1285 | D:1      | Found Piegiwni's General Store.
  1651 | D:1      | Learned a level 2 spell: Call Imp
  1674 | D:2      | Reached skill level 4 in Summonings
  1779 | D:2      | Reached XP level 4. HP: 19/24 MP: 5/10
  2310 | D:2      | Learned a level 4 spell: Summon Lightning Spire
  2821 | D:3      | Noticed Robin
  2846 | D:3      | Killed Robin
  2953 | D:3      | Found a runed translucent door.
  2954 | D:3      | Noticed Crazy Yiuf
  2967 | D:3      | Slain by Crazy Yiuf

Illustrated notes

Levels and vault maps discovered:
D:1:      dpeg_arrival_snail, layout_basic, shapermc_ecumenical_altar_pompeii,
          serial_shops, shop
D:2:      layout_rooms, serial_bayou_pond_b, minmay_fountain_box
D:3:      layout_basic, nicolae_overflow_crystal_walls,
          corexii_leaking_fountain, grunt_ministairs_5,
          grunt_decor_mini_mirrors, minmay_shallow_snake_nest, uniq_robin,
          uniq_crazy_yiuf_cottage, uniq_sigmund

Skill      XL: |  1  2  3  4 |
---------------+-------------+-----
Spellcasting   | 2 3 |  3.8
Air Magic      | 1 2 |  2.4
Summonings     | 4 |  4.4
Long Blades    | |  1.7
Armour         | |  2.4
Evocations     | |  1.1

Action                   |  1- 3 |  4- 6 || total
-------------------------+-------+-------++-------
Melee: Falchion          |    36 |    26 ||    62
       Whip              |       |     8 ||     8
       Punch             |       |     1 ||     1
 Cast: Summon Small Mamm |    72 |    38 ||   110
       Call Imp          |     4 |    11 ||    15
Invok: Renounce Religion |     1 |       ||     1
Armor: Ring mail         |    52 |    35 ||    87
Dodge: Dodged            |    57 |    31 ||    88
